 Dungeon Crawl Stone Soup version 0.19-a0-1803-g97ff39f (webtiles) character file.

67703 Naow the Warrior (level 14, -4/216 HPs)
             Began as a Minotaur Berserker on Oct 5, 2016.
             Was the Champion of Trog.
             Slain by a soul eater (8 damage)
             ... summoned by an orc sorcerer
             ... on level 2 of the Orcish Mines.
             The game lasted 00:50:46 (21512 turns).

Naow the Warrior (Minotaur Berserker)              Turns: 21512, Time: 00:50:47

Health: -4/216     AC: 26    Str: 26    XL:     14   Next: 83%
Magic:  13/13      EV:  9    Int:  8    God:    Trog [******]
Gold:   2533       SH:  2    Dex: 12    Spells: 0 memorised, 13 levels left

rFire  . . .     SeeInvis .     y - +3 broad axe (flame)
rCold  . . .     Gourm    .     W - +1 plate armour {MR+}
rNeg   . . .     Faith    .     (no shield)
rPois  +         Spirit   .     G - +2 hat
rElec  .         Dismiss  .     K - +1 cloak {rPois}
rCorr  .         Reflect  +     (no gloves)
MR     ++++.     Harm     .     I - +1 pair of boots
Stlth  ..........               q - +2 amulet of reflection
                                x - ring "Uluig" {Wiz Slay+2}
                                (no ring)

@: berserking, regenerating, very quick
A: retaliatory headbutt, horns 2
a: Berserk, Trog's Hand, Brothers in Arms, Burn Spellbooks, Renounce Religion


You were on level 2 of the Orcish Mines.
You worshipped Trog.
Trog was exalted by your worship.
You were very hungry.

You visited 3 branches of the dungeon, and saw 20 of its levels.
You also visited: Ossuary and Ice Cave.

You collected 2533 gold pieces.

Inventory:

Hand Weapons
 n - a +1 battleaxe of flaming
 u - the +5 battleaxe of Huby {drain, Dex+4}
   (Trog gifted it to you on level 1 of the Orcish Mines)

   A truly terrible weapon, it drains the life of those it strikes.
   It affects your dexterity (+4).
 y - a +3 broad axe of flaming (weapon)
Armour
 G - a +2 hat (worn)
 I - a +1 pair of boots (worn)
 J - the +3 buckler of Music {rN+ Dex+4}
   (You found it on level 6 of the Lair of Beasts)

   It affects your dexterity (+4).
   It protects you from negative energy.
 K - a +1 cloak of poison resistance (worn)
 W - a +1 plate armour of magic resistance (worn)
Jewellery
 d - an uncursed amulet of magic regeneration {unknown}
 m - an uncursed ring of protection from fire
 q - a +2 amulet of reflection (around neck)
 x - the ring "Uluig" (right hand) {Wiz Slay+2}
   (You found it on level 3 of the Lair of Beasts)

   [ring of wizardry]

   It improves your spell success rate.
   It affects your accuracy and damage with ranged weapons and melee attacks
   (+2).
 T - an uncursed ring of flight
 X - an uncursed ring of ice
 Y - an uncursed ring of see invisible
Wands
 c - a wand of random effects (22/48)
 k - a wand of disintegration (10/24)
 N - a wand of lightning (4/15)
 V - a wand of hasting (9/9)
Scrolls
 g - 14 scrolls of identify
 j - 4 scrolls of teleportation
 l - 7 scrolls of random uselessness
 r - 3 scrolls of fog
 F - 10 scrolls of remove curse
 H - 5 scrolls of blinking
Potions
 a - a potion of heal wounds
 e - 4 potions of agility
 o - 4 potions of haste
 p - a potion of cure mutation {unknown}
 s - a potion of cancellation
 t - 8 potions of curing
 z - 3 potions of flight
 D - a potion of ambrosia
 E - a potion of might
 L - 3 potions of resistance {unknown}
 Q - a potion of invisibility {unknown}
 S - 2 potions of beneficial mutation {unknown}
 U - 2 potions of berserk rage {unknown}
Comestibles
 b - 10 chunks of flesh
 f - a bread ration
 h - 3 slices of pizza
 i - 15 beef jerkies
 w - 16 fruits


   Skills:
 - Level 18.9 Fighting
 - Level 16.0 Axes
 + Level 17.3 Armour
 - Level 2.1 Dodging


You had 13 spell levels left.
You didn't know any spells.

Dungeon Overview and Level Annotations

Branches:
Dungeon (12/15)            Temple (0/1) D:5            Lair (6/6) D:11
  Swamp (0/4) Lair:3        Snake (0/4) Lair:3        Slime (0/5) Lair:6
    Orc (2/2) D:12            Elf (0/3) Orc:2

Altars:
Cheibriados
Hepliaklqana
Kikubaaqudgha
Okawaru
Qazlal
Ru
Sif Muna
Xom
Yredelemnul
The Shining One
Beogh
Jiyva

Shops:
D:9 [   Orc:1 [   Orc:2 ?=


Innate Abilities, Weirdness & Mutations

You reflexively headbutt those who attack you in melee.
You have a pair of horns on your head.


Message History

You slash the orc knight! You burn the orc knight! You headbutt the orc knight!
The orc knight is heavily wounded.
You slash the orc sorcerer! You burn the orc sorcerer!
You slash the orc warrior! You burn the orc warrior.
You kill the orc warrior!
Trog accepts your kill.
You closely miss the orc knight. The orc sorcerer barely misses you.
The orc warrior hits you from afar with a glaive!!
* * * LOW HITPOINT WARNING * * *
The orc knight hits you with an enchanted great sword!
* * * LOW HITPOINT WARNING * * *
An orc high priest and an orc sorcerer come into view.
An orc high priest and an orc sorcerer come into view.
The orc sorcerer is wielding a dagger of venom.
The orc sorcerer shouts!
You hear a shout! x2
The orc wizard hits you but does no damage.
The orc high priest moves out of view.
The orc sorcerer hits you but does no damage.
The soul eater hits you!
You die...

######.######
#...........###
...####.####...##
#.######..##
#.#...###..#
#.#.....##.#
#.#..o.o.#.# ...
#.o)o# .. ##o@##
#3o# oo..#
..##..# ..# ..##
# .∩# ##


You could see 2 orc knights, a soul eater, an orc high priest, 3 orc sorcerers,
an orc warrior and an orc wizard.

Vanquished Creatures
  Rupert (Lair:5)
  Gastronok (Lair:1)
  An orc warlord (Orc:1)
  A reaper (IceCv)
  The ghost of Naow the Severer, a journeyman MiBe of Trog (D:10)
  Erolcha (D:9)
  5 hydras
  4 catoblepae
  16 death yaks
  An orc high priest (Orc:1)
  3 hill giants (D:12)
  3 orc knights (Orc:1)
  An orc sorcerer (Orc:1)
  2 ugly things (D:12)
  An elephant (D:11)
  A black mamba (Lair:5)
  11 spiny frogs
  Joseph (D:7)
  2 ice statues (IceCv)
  Maurice (D:8)
  A centaur skeleton (D:12)
  4 komodo dragons
  A rime drake (Lair:2)
  10 ice devils (IceCv)
  3 trolls
  A polar bear (Lair:3)
  Grinder (D:3)
  26 blink frogs
  5 hippogriffs
  7 spriggans (Lair:2)
  A shadow (D:12)
  48 yaks
  6 wyverns
  2 basilisks
  2 hungry ghosts (D:11)
  2 vampire mosquitoes (D:12)
  6 wargs
  4 nagas (Lair:3)
  6 porcupines
  6 water moccasins
  30 orc warriors
  3 black bears
  A swamp drake (D:12)
  7 ice beasts
  4 sky beasts
  7 ogres
  An eye of draining (D:9)
  A phantom (D:4)
  3 wolves (Lair:4)
  8 centaurs
  17 crocodiles
  A big kobold (D:9)
  A gnoll sergeant (Orc:1)
  14 bullfrogs
  4 scorpions
  11 wights
  6 killer bees (D:10)
  2 vampire bats (D:2)
  An electric eel (Lair:3)
  5 howler monkeys
  10 crimson imps
  7 centaur zombies
  A bullfrog zombie (D:10)
  3 jellies
  5 hounds
  16 orc wizards
  16 orc priests
  2 bullfrog skeletons
  6 iguanas
  Natasha (twice) (D:2)
  4 worker ants
  A killer bee zombie (D:10)
  2 big kobold zombies (Ossuary)
  2 hound zombies
  2 hound skeletons
  4 mummies (Ossuary)
  10 gnolls
  2 worker ant zombies
  13 adders
  41 river rats
  4 shadow imps
  9 white imps (IceCv)
  5 ufetubi (IceCv)
  3 oozes
  An adder skeleton (D:7)
  4 worms
  4 dart slugs
  5 leopard geckos
  53 orcs
  2 bat skeletons (D:2)
  4 bat zombies (D:2)
  7 giant cockroaches
  6 goblins
  4 hobgoblins
  13 jackals
  11 kobolds
  8 quokkas
  5 bats
  8 frilled lizards
  3 hobgoblin zombies (Ossuary)
  A jackal skeleton (D:5)
  A leopard gecko skeleton (D:4)
  A leopard gecko zombie (D:5)
  A quokka skeleton (D:5)
  5 rats
  A bush (Lair:4)
  2 fungi (Lair:3)
  3 plants
650 creatures vanquished.

Vanquished Creatures (others)
  An orc sorcerer (Orc:2)
  An orc priest (Orc:2)
  4 white imps (IceCv)
  2 ufetubi (IceCv)
  7 fungi
  9 plants
24 creatures vanquished.

Grand Total: 674 creatures vanquished

Notes
Turn   | Place    | Note
-------+----------+-------------------------------------------
     0 | D:1      | Naow the Minotaur Berserker began the quest for the Orb.
     0 | D:1      | Reached XP level 1. HP: 19/19 MP: 0/0
   251 | D:1      | Reached XP level 2. HP: 23/26 MP: 1/1
   759 | D:2      | Reached skill level 5 in Axes
   797 | D:2      | Reached XP level 3. HP: 29/31 MP: 2/2
   890 | D:2      | Reached ** piety under Trog
   904 | D:2      | Found an ancient bone altar of Kikubaaqudgha.
   909 | D:2      | Reached XP level 4. HP: 26/39 MP: 3/3
   976 | D:2      | Found an iron altar of Okawaru.
   983 | D:2      | Noticed Natasha
   990 | D:2      | Killed Natasha
   990 | D:2      | Reached XP level 5. HP: 18/45 MP: 4/4
  1617 | D:2      | Noticed Natasha
  1630 | D:2      | Killed Natasha
  1843 | D:3      | Noticed Grinder
  1867 | D:3      | Paralysed by Grinder for 3 turns
  1873 | D:3      | Killed Grinder
  1873 | D:3      | Reached XP level 6. HP: 12/51 MP: 5/5
  2519 | D:4      | Reached XP level 7. HP: 14/57 MP: 6/6
  2824 | D:4      | Found a sacrificial altar of Ru.
  2831 | D:4      | Reached skill level 10 in Axes
  2850 | D:4      | Reached *** piety under Trog
  2855 | D:4      | Found a stormy altar of Qazlal.
  3053 | D:4      | Found a hazy altar of Hepliaklqana.
  3441 | D:5      | Entered Level 5 of the Dungeon
  3524 | D:5      | Found a shimmering altar of Xom.
  3731 | D:5      | Found a sand-covered staircase.
  3741 | Ossuary  | Entered an ossuary
  3764 | Ossuary  | Reached XP level 8. HP: 64/64 MP: 7/7
  3917 | D:5      | Found a staircase to the Ecumenical Temple.
  4342 | D:5      | You fall through a shaft for 2 floors!
  4375 | D:7      | Reached **** piety under Trog
  5001 | D:6      | Found a glowing golden altar of the Shining One.
  5293 | D:6      | Found a basalt altar of Yredelemnul.
  5520 | D:6      | Reached XP level 9. HP: 26/70 MP: 8/8
  6766 | D:7      | Noticed Joseph
  6775 | D:7      | Killed Joseph
  6775 | D:7      | Reached skill level 15 in Axes
  6919 | D:8      | Noticed Maurice
  6964 | D:8      | Killed Maurice
  7827 | D:8      | Found a snail-covered altar of Cheibriados.
  7827 | D:8      | Found a deep blue altar of Sif Muna.
  8010 | D:9      | Noticed a troll
  8021 | D:9      | Killed a troll
  8021 | D:9      | Reached skill level 4 in Fighting
  8189 | D:9      | Reached skill level 5 in Fighting
  8198 | D:9      | Reached XP level 10. HP: 62/81 MP: 2/9
  8202 | D:9      | Reached skill level 6 in Fighting
  8247 | D:9      | Reached skill level 7 in Fighting
  8257 | D:9      | Reached ***** piety under Trog
  8359 | D:9      | Reached skill level 8 in Fighting
  8382 | D:9      | Found Vickam's Antique Armour Shop.
  8541 | D:9      | Noticed Erolcha
  8549 | D:9      | Killed Erolcha
  8549 | D:9      | Reached skill level 10 in Fighting
  8663 | D:10     | Entered Level 10 of the Dungeon
  8665 | D:10     | Received a gift from Trog
  8692 | D:10     | Reached skill level 11 in Fighting
  8909 | D:10     | Noticed Naow's ghost (journeyman MiBe)
  8924 | D:10     | Killed Naow's ghost
  8924 | D:10     | Reached skill level 12 in Fighting
  8924 | D:10     | Reached XP level 11. HP: 47/104 MP: 10/10
  9710 | D:11     | Reached skill level 13 in Fighting
  9800 | D:11     | Found a staircase to the Lair.
 10079 | D:11     | Noticed a seven-headed hydra
 10087 | D:11     | Killed a three-headed hydra
 10414 | D:11     | Reached skill level 14 in Fighting
 11034 | D:12     | Noticed a hill giant
 11043 | D:12     | Killed a hill giant
 11043 | D:12     | Reached skill level 15 in Fighting
 11063 | D:12     | Received a gift from Trog
 11673 | D:12     | Noticed a seven-headed hydra
 11680 | D:12     | Killed a four-headed hydra
 11680 | D:12     | Reached skill level 16 in Fighting
 11680 | D:12     | Reached XP level 12. HP: 60/122 MP: 11/11
 11946 | D:12     | Found a staircase to the Orcish Mines.
 12599 | Lair:1   | Entered Level 1 of the Lair of Beasts
 12821 | Lair:1   | Noticed Gastronok
 12830 | Lair:1   | Reached skill level 17 in Fighting
 12831 | Lair:1   | Killed Gastronok
 13151 | Lair:1   | Reached skill level 18 in Fighting
 13164 | Lair:1   | Got a spiked chain mail
 13175 | Lair:1   | Identified the cursed +1 chain mail of Liacij {rF+} (You found it on level 1 of the Lair of Beasts)
 14174 | Lair:3   | Found a staircase to the Snake Pit.
 14219 | Lair:3   | Got a smoking pewter ring
 14314 | Lair:3   | Reached XP level 13. HP: 134/136 MP: 12/12
 14515 | Lair:3   | Found a staircase to the Swamp.
 14650 | Lair:3   | Reached skill level 5 in Armour
 16137 | Lair:5   | Reached skill level 10 in Armour
 16294 | Lair:5   | Found a frozen archway.
 16339 | IceCv    | Entered an ice cave
 16689 | IceCv    | Identified the ring "Uluig" {Wiz Slay+2} (You found it on level 3 of the Lair of Beasts)
 16961 | IceCv    | Noticed a reaper
 16971 | IceCv    | Killed a reaper
 16984 | IceCv    | Got a smoking great mace
 17004 | IceCv    | Identified the cursed +3 great mace "Qiycvap" {freeze, Int+5} (You found it in an ice cave)
 17224 | Lair:5   | Noticed Rupert
 17241 | Lair:5   | Killed Rupert
 17904 | Lair:5   | Reached XP level 14. HP: 139/144 MP: 13/13
 18393 | Lair:6   | Entered Level 6 of the Lair of Beasts
 18665 | Lair:6   | Reached ****** piety under Trog
 18711 | Lair:6   | Found a staircase to the Slime Pits.
 18714 | Lair:6   | Found a viscous altar of Jiyva.
 19045 | Lair:6   | Received a gift from Trog
 19055 | Lair:6   | Reached skill level 15 in Armour
 19598 | Lair:6   | Identified Hiwnem's Volume of Execration
 19612 | Lair:6   | Got an encrusted buckler
 19618 | Lair:6   | Identified the +3 buckler of Music {rN+ Dex+4} (You found it on level 6 of the Lair of Beasts)
 20111 | Orc:1    | Entered Level 1 of the Orcish Mines
 20178 | Orc:1    | Noticed an orc warlord
 20197 | Orc:1    | Killed an orc warlord
 20276 | Orc:1    | Found Naofaus's Armour Emporium.
 20737 | Orc:1    | Received a gift from Trog
 20740 | Orc:1    | Got a crystal battleaxe {god gift}
 20751 | Orc:1    | Identified the +5 battleaxe of Huby {drain, Dex+4} (Trog gifted it to you on level 1 of the Orcish Mines)
 20787 | Orc:1    | Found a roughly hewn altar of Beogh.
 21112 | Orc:2    | Entered Level 2 of the Orcish Mines
 21112 | Orc:2    | Found Igalat's Magic Scroll Boutique.
 21420 | Orc:2    | Found a staircase to the Elven Halls.
 21497 | Orc:2    | Found Exzou's Jewellery Shoppe.
 21502 | Orc:2    | Paralysed by an orc sorcerer for 3 turns
 21511 | Orc:2    | HP: 3/216 [orc knight/enchanted great sword (14)]
 21512 | Orc:2    | Slain by a soul eater

Vault maps used:
D:1:      saegor_arrival_under_anarchy, bh_walls_and_bars
D:2:      kennysheep_vampire_church, okawaru_ov_weapons_minmay, uniq_natasha
D:3:      kennysheep_generic_room_13, uniq_grinder
D:4:      kennysheep_little_box, old_standard_altar, first_bread,
          nicolae_ru_great_annihilating_truth
D:5:      nicolae_overflow_crystal_walls, nicolae_ossuary_entry_monument
D:6:      grunt_temple_overflow_holy_war
D:7:      uniq_joseph
D:8:      amethyst_overflow_temple_binary, uniq_maurice
D:9:      serial_shops, nicolae_shop_overgrown_old_shop, uniq_erolcha
D:10:     grunt_ogre_cave
D:11:     david_lair_generic
D:12:     erik_orc_1
Lair:1:   grunt_megastairs_5, uniq_gastronok
Lair:2:   kb_forest_paths, serial_bayou_shore_a
Lair:3:   swamp_mist_pool, minmay_snake_entry_guardpost_small,
          columned_hall_lemuel, roderic_lost_polar_bear, serial_bayou_shore_b
Lair:4:   beast_lair_carwin_2
Lair:5:   portal_ice_cave_entry_pillars_1, grunt_megastairs_3,
          serial_bayou_shore_b, uniq_rupert
Lair:6:   evilmike_catoblepas_cave, slime_altar_1
Orc:1:    orc_temple, serial_shops, nicolae_shop_window_shopping
Orc:2:    st_orc_elflike, serial_shops, shop_scrolls
Ossuary:  ossuary_the_hunt_dpeg
IceCv:    ice_cave_small_demon

Skill      XL: |  1  2  3  4  5  6  7  8  9 10 11 12 13 14 |
---------------+-------------------------------------------+-----
Axes           | 4 5 6 7 9 11 13 16 | 16.0
Fighting       | 5 12 16 18 | 18.9
Armour         | 4 13 17 | 17.3
Dodging        | |  2.1

Action                   |  1- 3 |  4- 6 |  7- 9 | 10-12 | 13-15 || total
-------------------------+-------+-------+-------+-------+-------++-------
Melee: Hand axe          |    59 |   103 |       |       |       ||   162
       Headbutt          |     7 |    23 |    48 |    97 |   123 ||   298
       Broad axe         |       |    24 |   221 |   519 |   625 ||  1389
Invok: Berserk           |       |     2 |     3 |     7 |     9 ||    21
       Trog's Hand       |       |     1 |     1 |     8 |     4 ||    14
       Burn Spellbooks   |       |       |       |     2 |     3 ||     5
  Use: Scroll            |       |       |     7 |    14 |     5 ||    26
 Stab: Sleeping          |       |     1 |     3 |       |       ||     4
       Petrifying        |       |       |       |       |     2 ||     2
       Petrified         |       |       |       |       |     2 ||     2
  Eat: Chunk             |       |     6 |    20 |    29 |    27 ||    82
       Beef jerky        |       |       |     1 |     1 |       ||     2
       Fruit             |       |       |       |     2 |       ||     2
       Meat ration       |       |       |       |       |     1 ||     1
Armor: Animal skin       |    23 |    18 |    38 |     7 |       ||    86
       Ring mail         |       |       |       |   129 |       ||   129
       Chain mail        |       |       |       |    32 |   124 ||   156
       Plate armour      |       |       |       |    12 |   135 ||   147
       Ice dragon armour |       |       |       |       |    34 ||    34
Dodge: Dodged            |    55 |    65 |    91 |   214 |   177 ||   602
Block: Other             |       |       |       |     4 |    24 ||    28
       Buckler           |       |       |       |       |    24 ||    24
       Reflection        |       |       |       |       |     2 ||     2
